 Dungeon Crawl Stone Soup version 0.31-a0-1616-gbeaec30b81 (webtiles) character file.

Game seed: 13159458399642522570

89 MisterAzrael the Trooper (level 4, 0/48 HPs)
             Began as an Oni Shapeshifter on Jan 10, 2024.
             Slain by Grinder (5 damage)
             ... while paralysed by Grinder
             ... on level 3 of the Dungeon.
             The game lasted 00:01:39 (1844 turns).

MisterAzrael the Trooper (Oni Shapeshifter)         Turns: 1844, Time: 00:01:40

Health: 0/48       AC:  3    Str: 20    XL:     4   Next: 55%
Magic:  4/4        EV:  1    Int: 11    God:
Gold:   128        SH:  0    Dex:  8    Spells: 3/3 levels left

rFire   . .          .
                       - Unarmed
rCold   . . .        (no shield)
rNeg    . . .        a - +0 animal skin
rPois   .            (helmet currently unavailable)
rElec   .            (cloak currently unavailable)
rCorr   .            (gloves unavailable)
SInv    .            (boots unavailable)
Will    .....        (no amulet)
Stlth   +            (no ring)
HPRegen 0.28/turn    (no ring)
MPRegen 0.09/turn

%: no passive effects
@: paralysed, beast-form
A: beast (slay +2), large, unfitting armour, horns 1, tough skin 1, double
potion healing, drunken brawling
a: Begin Untransformation


You were on level 3 of the Dungeon.
You were a hulking beast.
You visited 1 branch of the dungeon, and saw 3 of its levels.

You collected 128 gold pieces.

Inventory:

Armour
 a - a +0 animal skin (worn)
Jewellery
 j - a ring of see invisible
 o - an amulet of magic regeneration
Talismans
 c - a beast talisman
 d - a flux talisman
Scrolls
 f - a scroll of amnesia {unknown}
 g - 2 scrolls of identify {unknown}
 i - a scroll of brand weapon {unknown}
 k - 4 scrolls of teleportation {unknown}
 l - a scroll of blinking {unknown}
Potions
 b - a potion of lignification
 e - a potion of might {unknown}
 h - a potion of enlightenment {unknown}
 m - a potion of ambrosia {unknown}
 n - a potion of degeneration {unknown}
 p - a potion of curing {unknown}


   Skills:
 * Level 4.1 Fighting
 - Level 1.7 Dodging
 + Level 3.3 Unarmed Combat
 + Level 3.5 Shapeshifting


You had 3 spell levels left.
You didn't know any spells.
Your spell library contained the following spells:

 Spells                   Type           Power      Damage    Failure   Level
 Kiss of Death            Conj/Necr      0%         2d5       34%         1
 Confusing Touch          Hex            0%         N/A       71%         3
 Dispel Undead            Necr           0%         3d6       98%         4
 Ignite Poison            Fire/Alch      0%         N/A       98%         4
 Sticky Flame             Fire/Alch      0%         2d4       98%         4
 Ignition                 Fire           0%         3d3       100%        8


Dungeon Overview and Level Annotations

Branches:
Dungeon (3/15)

Altars:

Annotations:
D:3 Grinder


Innate Abilities, Weirdness & Mutations

You are a hulking beast.
Your limbs bulge with bestial killing power. (Slay +2)
You are too large for most types of armour.
You have a pair of small horns on your head.
You have tough skin. (AC +1)
You gain doubled healing and magic from potions.
Whenever you drink a healing potion, you attack all around you.


Message History

There are monsters nearby!
The goblin shouts!
The bat hits you but does no damage. The bat hits you.
You punch the bat!
You kill the bat!
A ribbon worm comes into view.
You hit the goblin.
You kill the goblin!
Grinder says, "Don't move a muscle."
Grinder blinks!
A hobgoblin comes into view.
The hobgoblin shouts!
The rat bites you but does no damage. Grinder hits you.
You writhe in agony.
You closely miss Grinder. The rat bites you but does no damage.
Grinder hits you!
You closely miss Grinder. The rat bites you but does no damage.
Grinder hits you.
You hit Grinder. Your headbutt misses Grinder.
Grinder is lightly wounded.
The rat bites you. Grinder hits you but does no damage.
You hit Grinder.
Grinder is moderately wounded.
The rat bites you. Grinder barely misses you.
You punch Grinder!
Grinder is heavily wounded.
The rat bites you. The hobgoblin closely misses you. Grinder gestures at you.
You suddenly lose the ability to move!
The rat bites you but does no damage.
The hobgoblin hits you but does no damage.
Grinder says, "At least Makhleb appreciates what I'm doing."
Grinder hits you. The rat bites you but does no damage. The hobgoblin hits you.
* * * LOW HITPOINT WARNING * * *
Grinder hits you!
* * * LOW HITPOINT WARNING * * *
You writhe in agony.
You die...
Grinder says, "Hey, I wasn't done torturing you yet!"

#...........
#...........
#...........
##...........
##............
##.....†.......
#.......)......
#....<......###
#.....hw(..##
#....5gr=..#
#.........##
##........#
#......)$.#
#.........#
#.....$...#
..........#


You could see Grinder, a ribbon worm, a hobgoblin and a rat.

Vanquished Creatures
  4 adders (D:2)
  2 dart slugs (D:1)
  7 ball pythons
  6 bats
  6 endoplasms
  4 goblins
  3 hobgoblins
  7 kobolds
  2 quokkas
  2 frilled lizards
  2 rats (D:1)
45 creatures vanquished.

Notes
Turn   | Place    | Note
-------+----------+-------------------------------------------
     0 | D:1      | MisterAzrael the Oni Shapeshifter began the quest for the
                  | Orb.
     0 | D:1      | Reached XP level 1. HP: 19/19 MP: 1/1
    42 | D:1      | Reached skill level 2 in Fighting
   131 | D:1      | Reached XP level 2. HP: 28/28 MP: 2/2
   368 | D:1      | Reached XP level 3. HP: 27/36 MP: 3/3
   474 | D:1      | Reached skill level 3 in Fighting
  1039 | D:2      | Reached XP level 4. HP: 46/46 MP: 4/4
  1219 | D:2      | Reached skill level 4 in Fighting
  1831 | D:3      | Noticed Grinder
  1842 | D:3      | Paralysed by Grinder for 2 turns
  1844 | D:3      | Slain by Grinder

Illustrated notes

Levels and vault maps discovered:
D:1:      dpeg_arrival_tiny_c, layout_basic
D:2:      layout_basic
D:3:      layout_rooms, kiku_gazebo_garden_becter,
          shapermc_ecumenical_altar_mp_urbaneastern, reono_crystal_passage,
          uniq_grinder, uniq_sigmund

Skill      XL: |  1  2  3  4 |
---------------+-------------+-----
Fighting       | 2 3 4 |  4.1
Unarmed Combat | 3 |  3.3
Dodging        | |  1.7
Shapeshifting  | |  3.5

Action                     |  1- 3 |  4- 6 || total
---------------------------+-------+-------++-------
  Melee: Unarmed           |    87 |    33 ||   120
         Headbutt          |    10 |     3 ||    13
         Punch             |     3 |       ||     3
 Armour: Animal skin       |    51 |    33 ||    84
  Dodge: Dodged            |    45 |    13 ||    58

Table legend: (Time is in decaauts)
 A = Elapsed time spent in this place.
 B = Non-inter-level travel time spent in this place.
 C = Inter-level travel time spent in this place.
 D = Time resting spent in this place.
 E = Time spent auto-exploring this place.
 F = Levels seen in this place.
 G = Mean time per level.
                   A        B        C        D        E       F      G
               +--------+--------+--------+--------+--------+-----+--------+
         Total |   1836 |   1753 |     83 |     64 |   1438 |   3 |  612.0 |
       Dungeon |   1836 |   1753 |     83 |     64 |   1438 |   3 |  612.0 |
               +--------+--------+--------+--------+--------+-----+--------+

Top non-repeatable levels by time:
     D:2: 1095 daAuts
     D:1: 729 daAuts
     D:3: 12 daAuts
